 Dungeon Crawl Stone Soup version 0.18-a0-1078-gebb93d0 (webtiles) character file.

212 nuthulu the Skirmisher (level 5, -5/35 HPs)
             Began as a Gargoyle Fighter on Jan 14, 2016.
             Was an Initiate of Okawaru.
             Slain by an orc warrior
             ... wielding a +0 trident
              (16 damage)
             ... on level 4 of the Dungeon.
             The game lasted 00:06:52 (2951 turns).

nuthulu the Skirmisher (Gargoyle Fighter)           Turns: 2951, Time: 00:06:52

Health: -5/35      AC: 10    Str: 24    XL:     5   Next: 90%
Magic:  5/5        EV:  7    Int:  9    God:    Okawaru [......]
Gold:   233        SH: 10    Dex: 10    Spells: 0 memorised, 4 levels left

rFire  . . .     SeeInvis .     a - +0 flail
rCold  . . .     Gourm    .     b - +0 scale mail
rNeg   + . .     Faith    .     c - +1 shield
rPois  ∞         Spirit   .     (no helmet)
rElec  +         Dismiss  .     (no cloak)
rCorr  .         Reflect  .     (no gloves)
SustAt .         Harm     .     (no boots)
MR     .....                    (no amulet)
Stlth  ..........               (no ring)
                                (no ring)

@: mighty, not resistant to hostile enchantments, extremely unstealthy
A: negative energy resistance 1, electricity resistance, unbreathing,
petrification resistance, rot immunity, AC +4
a: Renounce Religion


You were on level 4 of the Dungeon.
You worshipped Okawaru.
Okawaru was noncommittal.
You were not hungry.

You visited 1 branch of the dungeon, and saw 4 of its levels.

You collected 233 gold pieces.

Inventory:

Hand Weapons
 a - a +0 flail (weapon)
Armour
 b - a +0 scale mail (worn)
 c - a +1 shield (worn)
Scrolls
 i - 3 scrolls of teleportation
 m - a scroll of remove curse
Potions
 d - a potion of might
 e - a potion of magic
 j - 2 potions of heal wounds
 k - a potion of brilliance {unknown}
 n - a potion of poison {unknown}
Comestibles
 f - 2 bread rations
 g - 3 chunks of flesh
 h - a meat ration
 l - 7 fruits


   Skills:
 + Level 5.4 Fighting
 + Level 4.4 Maces & Flails
 - Level 3.2 Armour
 - Level 3.2 Shields


You had 4 spell levels left.
You didn't know any spells.

Dungeon Overview and Level Annotations

Branches:
Dungeon (4/15)
 Temple: D:4-7

Altars:
Dithmenos
Nemelex Xobeh
Okawaru
Xom


Innate Abilities, Weirdness & Mutations

You are resistant to torment.
Your stone body is resilient (AC +4).
You are immune to poison.
You resist negative energy.
You are resistant to electric shocks.
You can survive without breathing.
You are immune to petrification.
You are immune to rotting.


Message History

You kill the orc!
Okawaru accepts your kill.
The orc warrior hits you with a trident!
You hit the orc warrior.
The orc warrior is lightly wounded.
You hear some strange, mumbled words.
A puff of flame appears from out of thin air!
The puff of flame hits you! You block the orc warrior's attack.
You hit the orc warrior.
The orc warrior is moderately wounded.
Something hits you but does no damage.
The orc warrior hits you with a trident.
You closely miss the orc warrior.
The orc warrior is moderately wounded.
Something hits you but does no damage. You block the orc warrior's attack.
You barely miss the orc warrior.
The orc warrior is moderately wounded.
Something hits you.
The orc warrior hits you with a trident!
You die...

....###.#...#
.......>....#
............
.##..##..#
..#......#############
..#...#..............#
..#...#.############.#
#####...# #.{o# #.#
#.... #.#@###.# ##..#
#.#.....# .....
#o#.##### .......
#o### ....###.#
........# ........#
........# ....###.#


You could see an orc warrior.

Vanquished Creatures
  An ogre (D:4)
  A hound (D:3)
  2 adders (D:2)
  An ooze (D:3)
  2 worms (D:2)
  3 giant geckos
  3 orcs
  A ball python (D:2)
  3 giant cockroaches
  9 goblins
  6 hobgoblins
  5 jackals
  A quokka (D:2)
  8 bats
  2 giant newts
  10 kobolds
  6 rats
64 creatures vanquished.

Notes
Turn   | Place    | Note
--------------------------------------------------------------
     0 | D:1      | nuthulu the Gargoyle Fighter began the quest for the Orb.
     0 | D:1      | Reached XP level 1. HP: 14/14 MP: 1/1
   276 | D:1      | Reached XP level 2. HP: 19/19 MP: 2/2
   788 | D:2      | Reached skill level 4 in Fighting
   788 | D:2      | Reached XP level 3. HP: 24/24 MP: 3/3
  1055 | D:2      | Reached XP level 4. HP: 24/29 MP: 4/4
  1223 | D:2      | Found an iron altar of Okawaru.
  1227 | D:2      | Became a worshipper of Warmaster Okawaru
  1233 | D:2      | Found a sparkling altar of Nemelex Xobeh.
  1264 | D:2      | Found a shimmering altar of Xom.
  1267 | D:2      | Found a shadowy altar of Dithmenos.
  2575 | D:3      | Reached XP level 5. HP: 34/34 MP: 5/5
  2684 | D:3      | Reached skill level 5 in Fighting
  2688 | D:3      | Found a sparkling altar of Nemelex Xobeh.
  2813 | D:4      | Noticed an ogre
  2820 | D:4      | Killed an ogre
  2829 | D:4      | Noticed an orc warrior
  2951 | D:4      | Slain by an orc warrior

Vault maps used:
D:1:      roderic_chinese_lattice_arrival
D:2:      grunt_temple_overflow_cloverleaf, grunt_ministairs_10, st_stairs_3,
          minmay_stone_trees_medium
D:3:      nemelex_dance_club_becter
D:4:      minmay_temple_entry_large_hall, minmay_misc_feat_enclosed,
          uniq_eustachio

Action                   |  1- 3 |  4- 6 || total
-------------------------+-------+-------++-------
Melee: Flail             |   180 |   160 ||   340
  Use: Scroll            |     4 |     2 ||     6
       Potion            |       |     2 ||     2
  Eat: Chunk             |     1 |     6 ||     7
